 Dungeon Crawl Stone Soup version 0.28.0-53-g5a82cb258f (webtiles) character file.

Game seed: 16297453682511429497

1486 mortz the Gusty (level 8, 0/58 HPs)
             Began as a Demigod Air Elementalist on May 20, 2022.
             Slain by Sigmund
             ... wielding a +0 scythe
              (4 damage)
             ... on level 6 of the Dungeon.
             The game lasted 00:27:54 (7719 turns).

mortz the Gusty (Demigod Air Elementalist)          Turns: 7719, Time: 00:27:54

Health: 0/58       AC:  5    Str:  9    XL:     8   Next: 26%
Magic:  12/18      EV: 12    Int: 25    God:
Gold:   171        SH:  0    Dex: 14    Spells: 9/16 levels left

rFire   . . .      SeeInvis .   l - +0 hand axe (vorpal) {axe}
rCold   . . .      Faith    .   (no shield)
rNeg    + . .      Spirit   .   u - +1 robe {rN+}
rPois   .          Reflect  .   (no helmet)
rElec   .          Harm     .   (no cloak)
rCorr   .          Rampage  .   f - +0 pair of gloves
Will    .....                   n - +0 pair of boots
Stlth   ++........              (no amulet)
HPRegen 0.19/turn               (no ring)
MPRegen 0.16/turn               (no ring)

@: no status effects
A: high MP 1, forlorn, divine attributes
a: no special abilities


You were on level 6 of the Dungeon.
You visited 1 branch of the dungeon, and saw 6 of its levels.
You also visited: Ossuary.

You collected 171 gold pieces.


Innate Abilities, Weirdness & Mutations

You have an increased reservoir of magic. (+10% MP)
You shall have no god before yourself.
Your divine heritage dramatically boosts your attributes as you level up.


   Skills:
 + Level 0.7 Fighting
 + Level 0.9 Short Blades
 + Level 2.4 Dodging
 + Level 2.6 Stealth
 + Level 4.8 Spellcasting
 + Level 4.2 Conjurations
 * Level 7.0 Air Magic


You had 9 spell levels left.
You knew the following spells:

 Your Spells              Type           Power      Damage    Failure   Level
a - Shock                 Conj/Air       100%       1d9       1%          1
b - Static Discharge      Conj/Air       34%        N/A       1%          2
c - Airstrike             Air            20%        N/A       4%          4

Your spell library contained the following spells:

 Spells                   Type           Power      Damage    Failure   Level
 Swiftness                Air            41%        N/A       1%          3
 Freeze                   Ice            24%        1d5       9%          1
 Call Canine Familiar     Summ           6%         N/A       26%         3
 Frozen Ramparts          Ice            12%        1d3       26%         3
 Gell's Gravitas          Tloc           6%         N/A       26%         3
 Lesser Beckoning         Tloc           6%         N/A       26%         3
 Portal Projectile        Hex/Tloc       12%        N/A       26%         3
 Teleport Other           Tloc           6%         N/A       26%         3
 Hailstorm                Conj/Ice       16%        3d6       34%         4
 Leda's Liquefaction      Hex/Erth       3%         N/A       63%         4

Inventory:

Hand Weapons
 d - a +1 dagger of venom {short}
   (You found it on level 2 of the Dungeon)
 l - a +0 vorpal hand axe (weapon) {axe}
   (You found it on level 3 of the Dungeon)
Missiles
 b - 13 poisoned darts {throwing}
 k - a boomerang {throwing}
 o - 2 atropa-tipped darts {throwing}
Armour
 f - a +0 pair of gloves (worn)
   (You found it on level 1 of the Dungeon)
 n - a +0 pair of boots (worn)
   (You found it on level 3 of the Dungeon)
 u - a +1 robe of positive energy (worn)
   (You took it off an orc wizard on level 4 of the Dungeon)
Wands
 A - a wand of iceblast (8)
   (You found it in an ossuary)
Scrolls
 a - a scroll of immolation {unknown}
 g - a scroll of vulnerability {unknown}
 h - a scroll of teleportation {@r4}
 i - a scroll of torment {unknown}
 m - a scroll of acquirement {unknown}
 q - a scroll of brand weapon
 s - a scroll of magic mapping {!r}
 t - 2 scrolls of fear
 w - a scroll of silence {unknown}
 x - a scroll of enchant weapon {unknown}
Potions
 c - 4 potions of resistance
 e - a potion of berserk rage {!q}
 j - 2 potions of attraction {!q}
 p - a potion of flight
 r - a potion of brilliance {unknown}
 v - a potion of curing {unknown}
 z - a potion of invisibility {unknown}
 B - a potion of heal wounds {unknown}

Dungeon Overview and Level Annotations

Branches:
Dungeon (6/15)             Temple (0/1) D:4         Ossuary (visited)

Annotations:
D:6 Sigmund

.#.....# .### ......# ...#
# #....# #). . #..#....#
#. ..## ###......# #.
.....##....###.# ####.
........##..<..#######....
.........####..##....@)###
.....###)@{....##....### #
..c #.........(....# #
........####...##....# #
....... #.........# #
....... ......#.....#
..$.... #####........#
..#.... #..........
..##<.. #....###.... ##..
...#.. ####


There were no monsters in sight!


Message History

You climb downwards.
Level annotation: Sigmund
There is a stone staircase leading up here.
Sigmund screams, "Die, monster!"
Casting: Shock (safe; 1% risk of failure)
Confirm with . or Enter, or press ? or * to list all spells.
Aiming: Airstrike (dangerous; 4% risk of failure)
Press: ? - help, Dir - move target, f - Sigmund
Aim: Sigmund, wielding a +0 scythe and wearing a +0 robe (empty space bonus: 4/8)
Okay, then.
Sigmund gestures at you while chanting. The magic dart hits you. 😕 HP[-1]
You take 1 damage, and now have 57/58 hp.
Sigmund gestures wildly while chanting.
Sigmund flickers and vanishes!
Deactivating autopickup; reactivate with Ctrl-A.
Casting: Airstrike (dangerous; 4% risk of failure)
Confirm with . or Enter, or press ? or * to list all spells.
Aiming: Airstrike (dangerous; 4% risk of failure)
Press: ? - help, Dir - move target The air twists around and strikes something! 😕 MP[-4]
You lost 4 mp, and now have 14/18 mp.
Found a stone staircase leading up.
You are confused. 😎 HP[+1]
Your hp is fully restored (58).
Your +1 dagger of venom {short} stops dripping with poison.
l - a +0 vorpal hand axe (weapon)
{axe} You bump into the rock wall.
A centaur comes into view.
The centaur shouts!
The centaur wields a +0 shortbow.
The centaur shoots an arrow.
The arrow barely misses you.
The centaur shoots an arrow.
The arrow hits you. 😕 HP[-6] MP[+1]
You take 6 damage, and now have 52/58 hp.
Something hits you! 😮 HP[-10]
You take 10 damage, and now have 42/58 hp.
You hear some strange, mumbled words.
A magic dart appears from out of thin air!
The magic dart hits you. 😮 HP[-4]
You take 4 damage, and now have 38/58 hp.
You miss something. Something completely misses you.
The centaur shoots an arrow.
The arrow hits you!
* * * LOW HITPOINT WARNING * * *
😨 HP[-9]
You take 9 damage, and now have 29/58 hp.
You're too confused to move!
You feel less confused. Something hits you!
* * * LOW HITPOINT WARNING * * *
😨 HP[-12]
You take 12 damage, and now have 17/58 hp.
MASSIVE DAMAGE!! (PAUSE)
Okay, then.
The centaur unwields a +0 shortbow.
The centaur hits you but does no damage.
The centaur closely misses you.
Something completely misses you. 😨 MP[+1]
You hit something but do no damage. You hit the centaur. The centaur hits you.
* * * LOW HITPOINT WARNING * * *
The centaur barely misses you. The centaur closely misses you.
The centaur kicks you.
* * * LOW HITPOINT WARNING * * *
Something hits you.
* * * LOW HITPOINT WARNING * * *
😱 HP[-6]
You take 6 damage, and now have 11/58 hp.
Casting: Airstrike (dangerous; 4% risk of failure)
Confirm with . or Enter, or press ? or * to list all spells.
The centaur is struck by an arc of lightning!
You are struck by an arc of lightning.
* * * LOW HITPOINT WARNING * * *
Something is struck by an arc of lightning.
The lightning grounds out.
Something is struck by an arc of lightning.
You are struck by an arc of lightning.
* * * LOW HITPOINT WARNING * * *
Something is struck by an arc of lightning.
The lightning grounds out.
The centaur hits you but does no damage.
The centaur kicks you.
* * * LOW HITPOINT WARNING * * *
The centaur hits you but does no damage.
The centaur kicks you but does no damage. 😱 HP[-5] MP[-2]
You take 5 damage, and now have 6/58 hp.
You lost 2 mp, and now have 14/18 mp.
Casting: Static Discharge (safe; 1% risk of failure)
Confirm with . or Enter, or press ? or * to list all spells.
The centaur is struck by an arc of lightning.
You are struck by an arc of lightning.
* * * LOW HITPOINT WARNING * * *
The centaur is struck by an arc of lightning!
You kill the centaur!
The lightning grounds out.
Something hits you.
You die...

Skill      XL: |  1  2  3  4  5  6  7  8 |
---------------+-------------------------+-----
Air Magic      | 3 4 5 6 7 |  7.0
Conjurations   | 1 2 3 4 |  4.2
Spellcasting   | 2 3 4 |  4.8
Dodging        | 2 |  2.4
Stealth        | 2 |  2.6
Fighting       | |  0.7
Short Blades   | |  0.9

Action                   |  1- 3 |  4- 6 |  7- 9 || total
-------------------------+-------+-------+-------++-------
Melee: Dagger            |    10 |     1 |       ||    11
       Hand axe          |       |       |     2 ||     2
 Cast: Shock             |    77 |    59 |    44 ||   180
       Static Discharge  |     8 |    37 |    21 ||    66
       Airstrike         |       |       |     8 ||     8
  Use: Scroll            |     3 |     4 |     4 ||    11
Armor: Robe              |    11 |     6 |     5 ||    22
Dodge: Dodged            |    17 |    11 |    17 ||    45

Levels and vault maps discovered:
D:1:      kennysheep_arrival_forest, layout_basic
D:2:      layout_basic
D:3:      layout_loops_cross, feat_on_display
D:4:      layout_basic, minmay_temple_entry_glassed_door,
          hangedman_decor_opposing, kennysheep_big_empty_room
D:5:      layout_rooms, nicolae_ru_path_of_blood, nicolae_ossuary_entry_giza
D:6:      layout_rooms, uniq_eustachio, uniq_sigmund

Notes
Turn   | Place    | Note
-------+----------+-------------------------------------------
     0 | D:1      | mortz the Demigod Air Elementalist began the quest for the
                  | Orb.
     0 | D:1      | Reached XP level 1. HP: 14/14 MP: 5/5
     0 | D:1      | magus.rc [v1.9.6]
   486 | D:1      | Reached skill level 3 in Air Magic
   600 | D:1      | Reached skill level 1 in Conjurations
   799 | D:1      | Reached skill level 2 in Spellcasting
   799 | D:1      | Reached XP level 2. HP: 20/20 MP: 1/7
   855 | D:1      | Learned a level 2 spell: Static Discharge
  1440 | D:1      | magus.rc [v1.9.6]
  1678 | D:2      | Reached XP level 3. HP: 26/26 MP: 0/9
  2106 | D:2      | You pick up a book of the Hunter and begin reading...
  2106 | D:2      | You add the spells Call Canine Familiar, Portal Projectile
                  | and Leda's Liquefaction to your library.
  3278 | D:3      | Reached skill level 2 in Dodging
  3278 | D:3      | Reached skill level 2 in Stealth
  3278 | D:3      | Reached XP level 4. HP: 11/33 MP: 0/10
  3771 | D:4      | Reached skill level 2 in Conjurations
  3918 | D:4      | Noticed an ogre
  3930 | D:4      | Killed an ogre
  3931 | D:4      | Reached skill level 4 in Air Magic
  3931 | D:4      | Reached XP level 5. HP: 15/38 MP: 0/12
  4153 | D:4      | Noticed an ogre
  4178 | D:4      | Killed an ogre
  4179 | D:4      | Reached skill level 3 in Spellcasting
  4423 | D:4      | Reached XP level 6. HP: 41/46 MP: 5/13
  4498 | D:4      | Found a staircase to the Ecumenical Temple.
  4947 | D:4      | Reached skill level 3 in Conjurations
  5169 | D:5      | Entered Level 5 of the Dungeon
  5195 | D:5      | Found a sand-covered staircase.
  5201 | Ossuary  | Entered an ossuary
  5258 | Ossuary  | Reached skill level 5 in Air Magic
  5584 | Ossuary  | Noticed a wraith
  5584 | Ossuary  | Noticed a flying skull
  5595 | Ossuary  | Noticed a flying skull
  5597 | Ossuary  | Noticed a flying skull
  5610 | Ossuary  | Noticed a flying skull
  5627 | Ossuary  | Noticed a flying skull
  5631 | Ossuary  | Noticed a wraith
  5638 | Ossuary  | Killed a wraith
  5639 | Ossuary  | Reached XP level 7. HP: 29/51 MP: 1/16
  5826 | Ossuary  | Reached skill level 4 in Spellcasting
  5912 | Ossuary  | Noticed a wraith
  5917 | Ossuary  | Killed a wraith
  6097 | D:5      | Reached skill level 6 in Air Magic
  6249 | D:5      | You pick up a book of Displacement and begin reading...
  6249 | D:5      | You add the spells Lesser Beckoning, Gell's Gravitas and
                  | Teleport Other to your library.
  6255 | D:5      | Learned a level 4 spell: Airstrike
  6444 | D:5      | You pick up a book of Frost and begin reading...
  6444 | D:5      | You add the spells Freeze, Frozen Ramparts and Hailstorm to
                  | your library.
  6604 | D:5      | Reached skill level 4 in Conjurations
  6604 | D:5      | Reached XP level 8. HP: 57/58 MP: 9/18
  7029 | D:6      | HP: 13/58 [centaur/arrow (11)]
  7030 | D:6      | HP: 5/58 [centaur/arrow (9)]
  7389 | D:6      | Noticed Eustachio
  7396 | D:6      | Noticed Sigmund
  7397 | D:6      | Killed Eustachio
  7398 | D:6      | Reached skill level 7 in Air Magic
  7717 | D:6      | HP: 13/58 [centaur (2)]
  7718 | D:6      | HP: 6/58 [centaur (3)]
  7719 | D:6      | Slain by Sigmund

Vanquished Creatures
  2 wraiths (Ossuary)
  Eustachio (D:6)
  4 ogres
  2 centaurs (D:6)
  A phantom (D:5)
  A howler monkey (D:5)
  4 wights (Ossuary)
  A centaur zombie (D:3)
  A jelly (D:4)
  A centaur skeleton (D:4)
  2 hounds
  An orc wizard (D:4)
  A mummy (D:5)
  4 adders
  5 gnolls
  A white imp (D:6)
  An adder zombie (Ossuary)
  A worm (D:2)
  2 dart slugs
  8 orcs
  4 endoplasms
  2 giant cockroaches
  8 hobgoblins
  2 jackals (D:4)
  A kobold (D:2)
  3 quokkas (D:3)
  3 ball pythons
  2 ball python skeletons (Ossuary)
  4 bats
  3 frilled lizards
  4 goblins
  A hobgoblin skeleton (Ossuary)
  2 hobgoblin zombies
  A kobold zombie (Ossuary)
  An orc skeleton (Ossuary)
  2 orc zombies
  4 rats
91 creatures vanquished.

Table legend:
 A = Non-vault XP
 B = Vault XP
 C = Vault XP percentage of total XP
 D = Non-vault monster count
 E = Vault monster count
 F = Vault count percentage of total count
                 A         B        C        D         E       F
            +---------+---------+-------+---------+---------+-------
      Total |    1367 |     871 |  38.9 |      73 |      18 |  19.8
            +---------+---------+-------+---------+---------+-------
        D:1 |      40 |       0 |   0.0 |      17 |       0 |   0.0
        D:2 |      30 |       0 |   0.0 |       8 |       0 |   0.0
        D:3 |      73 |       0 |   0.0 |      14 |       0 |   0.0
        D:4 |     549 |       0 |   0.0 |      20 |       0 |   0.0
        D:5 |     402 |      18 |   4.3 |      10 |       3 |  23.1
        D:6 |     273 |     191 |  41.2 |       4 |       1 |  20.0
    Ossuary |       0 |     662 | 100.0 |       0 |      14 | 100.0
            +---------+---------+-------+---------+---------+-------

Illustrated notes

Table legend:
 A = Kills in this place as a percentage of kills in entire the game.
 B = Kills by you in this place as a percentage of kills by you in the entire game.
 C = Kills by friends in this place as a percentage of kills by friends in the entire game.
 D = Other kills in this place as a percentage of other kills in the entire game.
 E = Experience gained in this place as a percentage of experience gained in the entire game.
 F = Experience gained in this place divided by the number of levels of this place that you have seen.
                   A       B       C       D       E      F
               +-------+-------+-------+-------+-------+----------------------
         Total | 100.0 | 100.0 |   N/A |   N/A | 100.0 | 319.7
       Dungeon |  84.6 |  84.6 |   N/A |   N/A |  70.4 | 262.7
       Ossuary |  15.4 |  15.4 |   N/A |   N/A |  29.6 | 662.0
               +-------+-------+-------+-------+-------+----------------------

Table legend: (Time is in decaauts)
 A = Elapsed time spent in this place.
 B = Non-inter-level travel time spent in this place.
 C = Inter-level travel time spent in this place.
 D = Time resting spent in this place.
 E = Time spent auto-exploring this place.
 F = Levels seen in this place.
 G = Mean time per level.
                   A        B        C        D        E       F      G
               +--------+--------+--------+--------+--------+-----+--------+
         Total |   7724 |   7499 |    225 |   1619 |   4928 |   7 | 1103.4 |
       Dungeon |   6837 |   6612 |    225 |    998 |   4898 |   6 | 1139.5 |
       Ossuary |    886 |    886 |      0 |    621 |     30 |   1 |  886.0 |
               +--------+--------+--------+--------+--------+-----+--------+

Top non-repeatable levels by time:
     D:4: 1662 daAuts
     D:1: 1500 daAuts
     D:2: 1336 daAuts
     D:5: 988 daAuts
     D:3: 924 daAuts
 Ossuary: 886 daAuts
     D:6: 426 daAuts
